 Dungeon Sprint DCSS version 0.26-a0-652-gafc20e3620 (webtiles) character file.

Game seed: 6083418843544992578

0 sahdkjhfkaj the Insei (level 5, -1/35 (37) HPs)
             Began as an Octopode Artificer on Oct 1, 2020.
             Was an Initiate of Makhleb.
             Slain by a necrophage (2 damage)
             ... in the Dungeon (Sprint VI: "Thunderdome").
             The game lasted 00:01:36 (88 turns).

sahdkjhfkaj the Insei (Octopode Artificer)            Turns: 88, Time: 00:01:36

HP:   -1/35 (37)    AC:  1    Str: 12    XL:     5   Next: 5%
MP:   5/5           EV: 15    Int: 13    God:    Makhleb [......]
Gold: 200           SH:  0    Dex: 13    Spells: 4/4 levels left

rFire    . . .     SeeInvis .     - Unarmed
rCold    . . .     Faith    .   (no shield)
rNeg     . . .     Spirit   .   (helmet restricted)
rPois    .         Reflect  .   (no amulet)
rElec    .         Harm     .   (no ring)
rCorr    .         Rampage  .   (no ring)
MR       .....     NoTele   +   (no ring)
Stlth    +++.......             (no ring)
HPRegen  0.00/turn              (no ring)
MPRegen  0.09/turn              (no ring)
                                (no ring)
                                (no ring)

@: non-regenerating, diseased
A: almost no armour, stealthy swim, amphibious, 8 rings, constrict 8, camouflage
1, gelatinous body 1
a: Renounce Religion


You were in the Dungeon.
You worshipped Makhleb.
Makhleb was noncommittal.
You visited 1 branch You collected 200 gold pieces.

Inventory:

Hand Weapons
 a - a +0 club
Wands
 b - a wand of flame (15)
 c - a wand of enslavement (15)
 d - a wand of random effects (10)
 k - a wand of acid (4)
 l - a wand of iceblast (1)
Scrolls
 j - 4 scrolls of blinking
 m - 3 scrolls of fog
Potions
 e - a potion of curing
 f - 4 potions of heal wounds
 g - 4 potions of haste
 h - 2 potions of magic
 i - a potion of berserk rage
 n - a potion of resistance


   Skills:
 + Level 4.2 Fighting
 + Level 4.8 Dodging
 - Level 1.3 Stealth
 * Level 5.8 Unarmed Combat
 + Level 5.7 Evocations


You had 4 spell levels left.
You didn't know any spells.
Your spell library was empty.

Dungeon Overview and Level Annotations

Branches:
Dungeon (1/1)

Altars:
Cheibriados
Dithmenos
Fedhas
Gozag
Kikubaaqudgha
Makhleb
Okawaru
Qazlal
Ru
Sif Muna
Trog
Uskayaw
Vehumet
Wu Jian
Xom
Yredelemnul
Zin
The Shining One
Beogh
Jiyva
Lugonu

Shops:
D *[??*?*:[((!!!!


Innate Abilities, Weirdness & Mutations

You cannot wear most types of armour.
You are very stealthy in the water. (Stealth+)
You are amphibious.
You can wear up to eight rings at the same time.
You can use your tentacles to constrict eight enemies at once.
Your skin changes colour to match your surroundings (Stealth+).
Your rubbery body absorbs attacks. (AC +1, EV +1)


Message History

A giant cockroach zombie comes into view.
The necrophage hits you.
* * * LOW HITPOINT WARNING * * *
You tentacle-slap the necrophage. You grab the necrophage.
The necrophage is lightly damaged.
You constrict the necrophage. The necrophage hits you.
* * * LOW HITPOINT WARNING * * *
You feel ill.
You feel your flesh rotting away!
You tentacle-slap the necrophage.
The necrophage is heavily damaged.
You constrict the necrophage. You bludgeon the necrophage!
Your squeeze misses the necrophage.
The necrophage is severely damaged. 50...
You constrict the necrophage. The necrophage barely misses you.
The giant cockroach zombie misses you.
You tentacle-slap the necrophage.
The necrophage is almost destroyed.
You constrict the necrophage. The necrophage hits you.
You die...

#_......._# #_......._#
#_......._#
###.........###
#)...........⌠#
######.8.........8.###
##.___......###......_.
##∩........8.# #.8......
.......@.....###........
.......Zn.###...###.....
..........# #.<.# #.....
..........###...###.....
.............###........
##∩........8.# #.8......
##∩___......###......._
######.8.†.......8.###
#⌠...........⌠#


You could see a necrophage and a giant cockroach zombie.

Vanquished Creatures
  A necrophage (D)
  A wight (D)
  A leopard gecko zombie (D)
3 creatures vanquished.

Notes
Turn   | Place    | Note
-------+----------+-------------------------------------------
     0 | D        | sahdkjhfkaj the Octopode Artificer began the quest for the
                  | Orb.
     0 | D        | Reached XP level 1. HP: 13/13 MP: 1/1
     2 | D        | Found a bloodstained altar of Trog.
     2 | D        | Found a burning altar of Makhleb.
     3 | D        | Found a viscous altar of Jiyva.
     3 | D        | Found an opulent altar of Gozag.
     4 | D        | Found an iron altar of Okawaru.
     4 | D        | Found a basalt altar of Yredelemnul.
     5 | D        | Found a shimmering altar of Xom.
     5 | D        | Found an ornate altar of the Wu Jian Council.
     5 | D        | Found a stormy altar of Qazlal.
     5 | D        | Found Oluef's Magic Scroll Shop.
     5 | D        | Found Vuehaul's Staff Store.
     6 | D        | Found Buqeg's Magic Scroll Shop.
     6 | D        | Found Ziperiy's Must-Have Magic.
     6 | D        | Round 1.
     7 | D        | Noticed a wight
     7 | D        | Killed a wight
     7 | D        | Reached XP level 2. HP: 20/20 MP: 2/2
     7 | D        | Reached XP level 3. HP: 25/25 MP: 3/3
    14 | D        | Became a worshipper of Makhleb the Destroyer
    20 | D        | Found Son Wius's Jewellery.
    20 | D        | Found Dosyipp's Advanced Armour.
    21 | D        | Noticed a necrophage
    33 | D        | Found a sacrificial altar of Ru.
    33 | D        | Found a snail-covered altar of Cheibriados.
    33 | D        | Found a roughly hewn altar of Beogh.
    33 | D        | Found Loinoemum's Identification Station.
    37 | D        | Found a shadowy altar of Dithmenos.
    38 | D        | Found a radiant altar of Vehumet.
    39 | D        | Found an ancient bone altar of Kikubaaqudgha.
    40 | D        | Found Natsuc's Premium Goods.
    41 | D        | Found Kafay's Miscellaneous Merchandise.
    41 | D        | Found Togehel's Basic Armour.
    42 | D        | Found a hide-covered altar of Uskayaw.
    42 | D        | Found a corrupted altar of Lugonu.
    42 | D        | Found Uplus's Weapon Rack.
    53 | D        | HP: 1/24 [something (5)]
    54 | D        | Killed a necrophage
    54 | D        | Reached skill level 5 in Unarmed Combat
    54 | D        | Reached skill level 5 in Evocations
    54 | D        | Reached XP level 4. HP: 1/32 MP: 4/4
    54 | D        | Reached XP level 5. HP: 1/36 MP: 5/5
    58 | D        | Found a blossoming altar of Fedhas.
    59 | D        | Found a shimmering blue altar of Sif Muna.
    60 | D        | Found Qiphoici's Do-It-Yourself Clinic.
    61 | D        | Found Katu's Bottled Wisdom.
    61 | D        | Found Pugukaemai's Distillery.
    62 | D        | Found a glowing golden altar of the Shining One.
    62 | D        | Found a glowing silver altar of Zin.
    62 | D        | Found Netirphe's Distillery.
    80 | D        | Noticed a necrophage
    85 | D        | HP: 1/36 [necrophage (1)]
    88 | D        | Slain by a necrophage

Illustrated notes

Levels and vault maps discovered:
D:        arena_sprint

Skill      XL: |  1  2  3 |
---------------+----------+-----
Fighting       | 2 4 |  4.2
Dodging        | 3 4 |  4.8
Unarmed Combat | 3 5 |  5.8
Evocations     | 4 5 |  5.7
Stealth        | |  1.3

Action                   |  1- 3 |  4- 6 || total
-------------------------+-------+-------++-------
Melee: Unarmed           |    14 |     4 ||    18
       Tentacles         |     2 |       ||     2
       Constrict         |     1 |     1 ||     2
       Punch             |     1 |       ||     1
Evoke: Wand              |    10 |       ||    10
Armor: Skin              |     2 |       ||     2
Dodge: Dodged            |     5 |     2 ||     7

Table legend: (Time is in decaauts)
 A = Elapsed time spent in this place.
 B = Non-inter-level travel time spent in this place.
 C = Inter-level travel time spent in this place.
 D = Time resting spent in this place.
 E = Time spent auto-exploring this place.
 F = Levels seen in this place.
 G = Mean time per level.
                   A        B        C        D        E       F      G
               +--------+--------+--------+--------+--------+-----+--------+
         Total |     86 |     86 |      0 |      0 |      0 |   1 |   86.0 |
       Dungeon |     86 |     86 |      0 |      0 |      0 |   1 |   86.0 |
               +--------+--------+--------+--------+--------+-----+--------+

Top non-repeatable levels by time:
       D: 86 daAuts
